 Dungeon Crawl Stone Soup version 0.19-a0-1637-gfc13266 (webtiles) character file.

45 jbasstz the Skirmisher (level 3, -2/33 HPs)
             Began as a Hill Orc Fighter on Sept 19, 2016.
             Was an Initiate of Trog.
             Slain by Sigmund
             ... wielding a +0 scythe
              (4 damage)
             ... on level 2 of the Dungeon.
             The game lasted 00:10:57 (1348 turns).

jbasstz the Skirmisher (Hill Orc Fighter)           Turns: 1348, Time: 00:10:57

Health: -2/33      AC:  7    Str: 19    XL:     3   Next: 64%
Magic:  3/3        EV:  7    Int:  8    God:    Trog [......]
Gold:   31         SH:  9    Dex: 10    Spells: 0 memorised, 2 levels left

rFire  . . .     SeeInvis .     a - +0 flail
rCold  . . .     Gourm    .     b - +0 scale mail
rNeg   . . .     Faith    .     c - +0 shield
rPois  .         Spirit   .     (no helmet)
rElec  .         Dismiss  .     (no cloak)
rCorr  .         Reflect  .     (no gloves)
MR     .....     Harm     .     (no boots)
Stlth  ..........               (no amulet)
                                (no ring)
                                (no ring)

@: no status effects
A: no striking features
a: Burn Spellbooks, Renounce Religion


You were on level 2 of the Dungeon.
You worshipped Trog.
Trog was noncommittal.
You were not hungry.

You visited 1 branch of the dungeon, and saw 2 of its levels.

You collected 31 gold pieces.

Inventory:

Hand Weapons
 a - a +0 flail (weapon)
Armour
 b - a +0 scale mail (worn)
 c - a +0 shield (worn)
 o - a +0 ring mail
Scrolls
 e - a scroll of teleportation {unknown}
 f - a scroll of fear {unknown}
 h - a scroll of enchant weapon {unknown}
 k - a scroll of identify {unknown}
 p - a scroll of noise {unknown}
 r - 2 scrolls of remove curse {unknown}
 s - a scroll of blinking {unknown}
Potions
 d - a potion of might
 g - a potion of degeneration {unknown}
 i - a potion of flight {unknown}
 j - a potion of agility {unknown}
 q - a potion of resistance {unknown}
Comestibles
 l - a royal jelly
 m - 3 meat rations
 n - a slice of pizza


   Skills:
 + Level 4.1 Fighting
 + Level 3.1 Maces & Flails
 + Level 3.7 Armour
 + Level 0.5 Dodging
 + Level 0.1 Stealth
 + Level 3.4 Shields


You had 2 spell levels left.
You didn't know any spells.

Dungeon Overview and Level Annotations

Branches:
Dungeon (2/15)

Altars:
Trog

Annotations:
D:2 Sigmund


Message History

* * * LOW HITPOINT WARNING * * *
The goblin shoots a stone.
The stone hits you but does no damage.
You are too injured to fight recklessly!
You are too injured to fight recklessly!
You are too injured to fight recklessly!
You are too injured to fight recklessly!
You are too injured to fight recklessly!
You are too injured to fight recklessly!
You are too injured to fight recklessly!
You are too injured to fight recklessly!
You are too injured to fight recklessly!
You are too injured to fight recklessly!
You are too injured to fight recklessly!
You are too injured to fight recklessly!
You are too injured to fight recklessly!
You are too injured to fight recklessly!
The goblin shoots a stone.
The stone hits you.
* * * LOW HITPOINT WARNING * * *
Something hits you.
You die...

# .##.... .# #...#
#% #..#. #. #..##
# ##.## #..##
#.##...###g#.
#.<##
#....#.{ggg#.
#..## #†.(# ##.##
#.... ##@## #...##
#.### #.# #....#
#....
#.#####....###.###
#..............# #
####..####.##### #
#..# #.# # #..#
#.#######
###..####........
#.......###.####.


You could see a goblin.

Vanquished Creatures
  An adder (D:2)
  An ooze (D:2)
  A dart slug (D:2)
  A ball python (D:1)
  3 bats
  A giant cockroach (D:1)
  3 goblins (D:1)
  3 hobgoblins
  2 quokkas (D:2)
  5 frilled lizards
  5 kobolds
  3 rats
29 creatures vanquished.

Notes
Turn   | Place    | Note
-------+----------+-------------------------------------------
     0 | D:1      | jbasstz the Hill Orc Fighter began the quest for the Orb.
     0 | D:1      | Reached XP level 1. HP: 19/19 MP: 1/1
   185 | D:1      | Reached XP level 2. HP: 22/27 MP: 2/2
  1045 | D:2      | Reached skill level 4 in Fighting
  1045 | D:2      | Reached XP level 3. HP: 25/33 MP: 3/3
  1060 | D:2      | Found a bloodstained altar of Trog.
  1075 | D:2      | Became a worshipper of Trog the Wrathful
  1338 | D:2      | Noticed Sigmund
  1348 | D:2      | Slain by Sigmund

Vault maps used:
D:1:      lemuel_arrival_behind_the_door_small
D:2:      good_gods_temple_1, lemuel_doored_altar, uniq_sigmund, uniq_robin

Skill      XL: |  1  2  3 |
---------------+----------+-----
Fighting       | 4 |  4.1
Maces & Flails | 3 |  3.1
Armour         | |  3.7
Dodging        | |  0.5
Stealth        | |  0.1
Shields        | |  3.4

Action                   || total
-------------------------++-------
Melee: Flail             ||   138
  Eat: Bread ration      ||     1
Armor: Scale mail        ||    55
Dodge: Dodged            ||    37
Block: Shield            ||    85
